TOP OF THE 1ST |
---|
Rutgers Scarlet Knights batting - Pitching for Oklahoma Sooners : RHP Sean Williams | Pitching: RHP Sean Williams | | Batting: SHB Pat Brock | 0-0: Ball 1-0: Ball 2-0: Ball 3-0: Called Strike 3-1: Bunted foul 3-2: Ground out 6-3 (Groundball, 6S) | Batting: LHB Andre Montgomery | 0-0: Ball 1-0: Fly out, F6 (Line Drive, 6) | Batting: RHB Howard Battle | 0-0: Ground out 6-3 (Groundball, 6) | Top of the 1st over - 0 runs, 0 hits, 0 errors, 0 left on base; Rutgers 0 - Oklahoma 0 | BOTTOM OF THE 1ST |
---|
Oklahoma Sooners batting - Pitching for Rutgers Scarlet Knights : RHP Jorge Rodríguez | Pitching: RHP Jorge Rodríguez | | Batting: RHB Matt Snow | 0-0: Called Strike 0-1: Ball 1-1: Swinging Strike 1-2: Strikes out swinging | Batting: RHB Sidney Boyd | 0-0: Called Strike 0-1: Ball 1-1: Ball 2-1: Ball 3-1: Base on Balls | Batting: LHB Mark Watson | 0-0: Ball 1-0: Ball 2-0: Ball 3-0: Foul Ball, location: 2F 3-1: Swinging Strike 3-2: Foul Ball, location: 2F 3-2: Base on Balls Sidney Boyd to second | Batting: RHB Bryant Caldwell | 0-0: Ball 1-0: Ball 2-0: Ball 3-0: Called Strike 3-1: Base on Balls Sidney Boyd to third Mark Watson to second | Batting: LHB Mark Smith | 0-0: Swinging Strike 0-1: Ball 1-1: Ball 2-1: Grounds into double play, 6-4-3 (Groundball, 6) | Bottom of the 1st over - 0 runs, 0 hits, 0 errors, 2 left on base; Rutgers 0 - Oklahoma 0 | TOP OF THE 2ND |
---|
Rutgers Scarlet Knights batting - Pitching for Oklahoma Sooners : RHP Sean Williams | Batting: RHB Harry Wilkins | 0-0: Called Strike 0-1: SINGLE (Groundball, 6S) (infield hit) | Batting: RHB Randy Guthrie | 0-0: Called Strike 0-1: Fly out, F4 (Line Drive, 4) | Batting: RHB Michael Gibson | 0-0: Ball 1-0: Ball 2-0: Foul Ball, location: 2F 2-1: Ball 3-1: Base on Balls Harry Wilkins to second | Batting: RHB Joseph McCarteney | 0-0: Ball 1-0: SINGLE (Line Drive, 9LS) Harry Wilkins to third Michael Gibson to second | Batting: LHB Dennis Montgomery | 0-0: Ball 1-0: Called Strike 1-1: SINGLE (Flyball, 7) Harry Wilkins scores Michael Gibson to third Joseph McCarteney to second | Batting: RHB Norm Gunn | 0-0: Called Strike 0-1: Ball 1-1: Foul Ball, location: 2F 1-2: Grounds into fielders choice 1-2 (Groundball, 13S) Joseph McCarteney to third Dennis Montgomery to second | Batting: SHB Pat Brock | 0-0: Foul Ball, location: 2F 0-1: Ball 1-1: Ball 2-1: Fly out, F8 (Flyball, 8LD) | Top of the 2nd over - 1 run, 3 hits, 0 errors, 3 left on base; Rutgers 1 - Oklahoma 0 | BOTTOM OF THE 2ND |
---|
Oklahoma Sooners batting - Pitching for Rutgers Scarlet Knights : RHP Jorge Rodríguez | Batting: RHB Joe Daybell | 0-0: Foul Ball, location: 2F 0-1: Ball 1-1: Ball 2-1: Swinging Strike 2-2: Ball 3-2: Ground out 6-3 (Groundball, 6) | Batting: RHB Ambrosio Hernández | 0-0: Called Strike 0-1: SINGLE (Groundball, 6D) | Batting: RHB Joe Hughes | 0-0: Called Strike 0-1: SINGLE (Line Drive, 6D) Ambrosio Hernández to second | Batting: RHB Curt Brown | 0-0: Ball 1-0: Foul Ball, location: 2F 1-1: Foul Ball, location: 2F 1-2: Strikes out looking | Batting: RHB Matt Snow | 0-0: Ball 1-0: Ball 2-0: Called Strike 2-1: Swinging Strike 2-2: Ball 3-2: Foul Ball, location: 2F 3-2: Foul Ball, location: 2F 3-2: Foul Ball, location: 2F 3-2: Strikes out looking | Bottom of the 2nd over - 0 runs, 2 hits, 0 errors, 2 left on base; Rutgers 1 - Oklahoma 0 | TOP OF THE 3RD |
---|
Rutgers Scarlet Knights batting - Pitching for Oklahoma Sooners : RHP Sean Williams | Batting: LHB Andre Montgomery | 0-0: Bunted foul 0-1: Foul Ball, location: 2F 0-2: Ball 1-2: Strikes out swinging | Batting: RHB Howard Battle | 0-0: Swinging Strike 0-1: Ball 1-1: Swinging Strike 1-2: Foul Ball, location: 2F 1-2: Strikes out swinging | Batting: RHB Harry Wilkins | 0-0: Called Strike 0-1: Foul Ball, location: 2F 0-2: Ball 1-2: Strikes out swinging | Top of the 3rd over - 0 runs, 0 hits, 0 errors, 0 left on base; Rutgers 1 - Oklahoma 0 | BOTTOM OF THE 3RD |
---|
Oklahoma Sooners batting - Pitching for Rutgers Scarlet Knights : RHP Jorge Rodríguez | Batting: RHB Sidney Boyd | 0-0: Foul Ball, location: 2F 0-1: Ground out 6-3 (Groundball, 6) | Batting: LHB Mark Watson | 0-0: Ball 1-0: Ground out 4-3 (Groundball, 4) | Batting: RHB Bryant Caldwell | 0-0: Ball 1-0: Called Strike 1-1: Swinging Strike 1-2: Strikes out swinging | Bottom of the 3rd over - 0 runs, 0 hits, 0 errors, 0 left on base; Rutgers 1 - Oklahoma 0 | TOP OF THE 4TH |
---|
Rutgers Scarlet Knights batting - Pitching for Oklahoma Sooners : RHP Sean Williams | Batting: RHB Randy Guthrie | 0-0: Ball 1-0: Foul Ball, location: 2F 1-1: Called Strike 1-2: Strikes out looking | Batting: RHB Michael Gibson | 0-0: Foul Ball, location: 2F 0-1: Foul Ball, location: 2F 0-2: Ball 1-2: Ground out 6-3 (Groundball, 56) | Batting: RHB Joseph McCarteney | 0-0: SINGLE (Groundball, 34D) | Batting: LHB Dennis Montgomery | 0-0: Ball 1-0: Ground out 2-3 (Groundball, 2L) | Top of the 4th over - 0 runs, 1 hit, 0 errors, 1 left on base; Rutgers 1 - Oklahoma 0 | BOTTOM OF THE 4TH |
---|
Oklahoma Sooners batting - Pitching for Rutgers Scarlet Knights : RHP Jorge Rodríguez | Batting: LHB Mark Smith | 0-0: Foul Ball, location: 2F 0-1: Ball 1-1: Reached on error, E5 (Groundball, 5L) | Batting: RHB Joe Daybell | 0-0: Ball 1-0: Ball 2-0: Ball 3-0: Called Strike 3-1: Called Strike 3-2: Base on Balls Mark Smith to second | Batting: RHB Ambrosio Hernández | 0-0: Called Strike 0-1: Foul Ball, location: 2F 0-2: Ball 1-2: Strikes out swinging | Batting: RHB Joe Hughes | 0-0: Ball 1-0: Ground out 3-1 (Groundball, 34S) Mark Smith to third Joe Daybell to second | Batting: RHB Curt Brown | 0-0: Called Strike 0-1: Called Strike 0-2: Ball 1-2: Foul Ball, location: 2F 1-2: Strikes out swinging | Bottom of the 4th over - 0 runs, 0 hits, 1 error, 2 left on base; Rutgers 1 - Oklahoma 0 | TOP OF THE 5TH |
---|
Rutgers Scarlet Knights batting - Pitching for Oklahoma Sooners : RHP Sean Williams | Batting: RHB Norm Gunn | 0-0: Foul Ball, location: 2F 0-1: Ball 1-1: Foul Ball, location: 2F 1-2: Foul Ball, location: 2F 1-2: Ball 2-2: DOUBLE (Flyball, 89D) | Batting: SHB Pat Brock | 0-0: Intentional Walk | Batting: LHB Andre Montgomery | 0-0: SINGLE (Line Drive, 56D) Norm Gunn to third Pat Brock to second | Batting: RHB Howard Battle | 0-0: Foul Ball, location: 2F 0-1: Ball 1-1: Foul Ball, location: 2F 1-2: Strikes out swinging | Batting: RHB Harry Wilkins | 0-0: Ball 1-0: Called Strike 1-1: Foul Ball, location: 2F 1-2: Strikes out looking | Batting: RHB Randy Guthrie | 0-0: Ball 1-0: SINGLE (Line Drive, 4D) Norm Gunn scores Pat Brock to third Andre Montgomery to second | Batting: RHB Michael Gibson | 0-0: Ball 1-0: Ball 2-0: Ball 3-0: Base on Balls Pat Brock scores Andre Montgomery to third Randy Guthrie to second | Batting: RHB Joseph McCarteney | 0-0: Ground out 4-3 (Groundball, 4) | Top of the 5th over - 2 runs, 3 hits, 0 errors, 3 left on base; Rutgers 3 - Oklahoma 0 | BOTTOM OF THE 5TH |
---|
Oklahoma Sooners batting - Pitching for Rutgers Scarlet Knights : RHP Jorge Rodríguez | Batting: RHB Matt Snow | 0-0: Ball 1-0: Ground out 6-3 (Groundball, 6M) | Batting: RHB Sidney Boyd | 0-0: Called Strike 0-1: Foul Ball, location: 2F 0-2: Ball 1-2: Ball 2-2: Foul Ball, location: 2F 2-2: Ball 3-2: Foul Ball, location: 2F 3-2: Foul Ball, location: 2F 3-2: Ground out 6-3 (Groundball, 6) | Batting: LHB Mark Watson | 0-0: Called Strike 0-1: Ball 1-1: Fly out, F8 (Flyball, 8RS) | Bottom of the 5th over - 0 runs, 0 hits, 0 errors, 0 left on base; Rutgers 3 - Oklahoma 0 | TOP OF THE 6TH |
---|
Rutgers Scarlet Knights batting - Pitching for Oklahoma Sooners : RHP Sean Williams | Batting: LHB Dennis Montgomery | 0-0: Fly out, F4 (Popup, 34D) | Batting: RHB Norm Gunn | 0-0: Swinging Strike 0-1: Ball 1-1: Ball 2-1: Foul Ball, location: 2F 2-2: Strikes out swinging | Batting: SHB Pat Brock | 0-0: Ball 1-0: Foul Ball, location: 2F 1-1: Foul Ball, location: 2F 1-2: SINGLE (Flyball, 7LM) | Pitching: RHP Andrew McCarthy | | Batting: LHB Andre Montgomery | 0-0: Called Strike 0-1: Ball 1-1: Ball 2-1: Ball 3-1: Fly out, F5 (Line Drive, 5) | Top of the 6th over - 0 runs, 1 hit, 0 errors, 1 left on base; Rutgers 3 - Oklahoma 0 | BOTTOM OF THE 6TH |
---|
Oklahoma Sooners batting - Pitching for Rutgers Scarlet Knights : RHP Jorge Rodríguez | Pitching: RHP Jim Harden | | Batting: RHB Bryant Caldwell | 0-0: Foul Ball, location: 2F 0-1: Foul Ball, location: 2F 0-2: Foul Ball, location: 2F 0-2: Foul Ball, location: 2F 0-2: Ball 1-2: Foul Ball, location: 2F 1-2: Ball 2-2: Ball 3-2: Ground out 5-3 (Groundball, 56) | Batting: LHB Mark Smith | 0-0: Ball 1-0: Fly out, F8 (Line Drive, 8LD) | Batting: RHB Joe Daybell | 0-0: Ball 1-0: Ball 2-0: Ball 3-0: Called Strike 3-1: Foul Ball, location: 2F 3-2: SINGLE (Groundball, 56D) | Batting: RHB Ambrosio Hernández | 0-0: Ball 1-0: Called Strike 1-1: Called Strike 1-2: Ball Joe Daybell steals 2nd base 2-2: Strikes out swinging | Bottom of the 6th over - 0 runs, 1 hit, 0 errors, 1 left on base; Rutgers 3 - Oklahoma 0 | TOP OF THE 7TH |
---|
Rutgers Scarlet Knights batting - Pitching for Oklahoma Sooners : RHP Andrew McCarthy | Batting: RHB Howard Battle | 0-0: Called Strike 0-1: Called Strike 0-2: Ball 1-2: Strikes out swinging | Batting: RHB Harry Wilkins | 0-0: Ball 1-0: DOUBLE (Line Drive, 5D) | Batting: RHB Randy Guthrie | 0-0: Intentional Walk | Batting: RHB Michael Gibson | 0-0: Ball 1-0: Ball 2-0: 3-RUN HOME RUN (Flyball, 7D), Distance : 351 ft | Batting: RHB Joseph McCarteney | 0-0: Ball 1-0: Called Strike 1-1: Called Strike 1-2: Foul Ball, location: 2F 1-2: Strikes out swinging | Batting: LHB Dennis Montgomery | 0-0: SINGLE (Groundball, 4D) | Batting: RHB Norm Gunn | 0-0: Called Strike 0-1: SINGLE (Groundball, 56D) Dennis Montgomery to second | Batting: SHB Pat Brock | 0-0: Foul Ball, location: 2F 0-1: Ball 1-1: Foul Ball, location: 2F 1-2: Strikes out swinging | Top of the 7th over - 3 runs, 4 hits, 0 errors, 2 left on base; Rutgers 6 - Oklahoma 0 | BOTTOM OF THE 7TH |
---|
Oklahoma Sooners batting - Pitching for Rutgers Scarlet Knights : RHP Jim Harden | Batting: RHB Joe Hughes | 0-0: Ball 1-0: Fly out, F9 (Flyball, 9D) | Batting: RHB Curt Brown | 0-0: Called Strike 0-1: Foul Ball, location: 2F 0-2: Ball 1-2: Ball 2-2: Foul Ball, location: 2F 2-2: Ball 3-2: Base on Balls | Batting: RHB Matt Snow | 0-0: Called Strike 0-1: Ball 1-1: Called Strike 1-2: Foul Ball, location: 2F 1-2: Foul Ball, location: 2F 1-2: Strikes out looking | Batting: RHB Sidney Boyd | 0-0: Called Strike 0-1: Ball 1-1: Foul Ball, location: 2F 1-2: Strikes out swinging, 2-3 out at first. | Bottom of the 7th over - 0 runs, 0 hits, 0 errors, 1 left on base; Rutgers 6 - Oklahoma 0 | TOP OF THE 8TH |
---|
Rutgers Scarlet Knights batting - Pitching for Oklahoma Sooners : RHP Andrew McCarthy | Batting: LHB Andre Montgomery | 0-0: Called Strike 0-1: Ball 1-1: SINGLE (Line Drive, 6D) | Batting: RHB Howard Battle | 0-0: Ball 1-0: Ball Wild Pitch! Andre Montgomery to second 2-0: Ball 3-0: Called Strike 3-1: Foul Ball, location: 2F 3-2: DOUBLE (Line Drive, 78XD) Andre Montgomery scores | Batting: RHB Harry Wilkins | 0-0: Foul Ball, location: 2F 0-1: Called Strike 0-2: Foul Ball, location: 2F 0-2: Ball 1-2: Ball 2-2: Strikes out swinging | Batting: RHB Randy Guthrie | 0-0: Ball 1-0: SINGLE (Line Drive, 4D) Howard Battle to third Runner from 3rd tries for Home, SAFE, throw made home | Batting: RHB Michael Gibson | 0-0: SINGLE (Groundball, 4D) Randy Guthrie to second Runner from 2nd tries for 3rd, SAFE, throw made to third | Batting: RHB Joseph McCarteney | 0-0: Called Strike 0-1: Ball Wild Pitch! Randy Guthrie scores Michael Gibson to second 1-1: Ball 2-1: Ball 3-1: Fly out, F9 (Flyball, 9LS) | Batting: LHB Dennis Montgomery | 0-0: Called Strike 0-1: Ball 1-1: Ball 2-1: Ball 3-1: Base on Balls | Batting: RHB Norm Gunn | 0-0: Ball 1-0: Ball 2-0: Called Strike 2-1: Foul Ball, location: 2F 2-2: Ball 3-2: Foul Ball, location: 2F 3-2: Strikes out swinging | Top of the 8th over - 3 runs, 4 hits, 0 errors, 2 left on base; Rutgers 9 - Oklahoma 0 | BOTTOM OF THE 8TH |
---|
Oklahoma Sooners batting - Pitching for Rutgers Scarlet Knights : RHP Jim Harden | Batting: LHB Mark Watson | 0-0: Ball 1-0: Foul Ball, location: 2F 1-1: Swinging Strike 1-2: Ball 2-2: Fly out, F8 (Flyball, 8RD) | Batting: RHB Bryant Caldwell | 0-0: Ball 1-0: Ball 2-0: Called Strike 2-1: Ball 3-1: Called Strike 3-2: Base on Balls | Pitching: RHP Steven Lawson | | Batting: LHB Mark Smith | 0-0: Ball 1-0: Foul Ball, location: 2F 1-1: Ball 2-1: Ball 3-1: Foul Ball, location: 2F 3-2: Strikes out looking | Batting: RHB Joe Daybell | 0-0: Fly out, F6 (Line Drive, 6M) | Bottom of the 8th over - 0 runs, 0 hits, 0 errors, 1 left on base; Rutgers 9 - Oklahoma 0 | TOP OF THE 9TH |
---|
Rutgers Scarlet Knights batting - Pitching for Oklahoma Sooners : RHP Andrew McCarthy | Pitching: LHP Dani Martínez | | Batting: SHB Pat Brock | 0-0: Ball 1-0: Ground out 6-3 (Groundball, 6) | Batting: LHB Andre Montgomery | 0-0: Called Strike 0-1: Foul Ball, location: 2F 0-2: Ball 1-2: Ball 2-2: Strikes out swinging | Batting: RHB Howard Battle | 0-0: Called Strike 0-1: Ball 1-1: Swinging Strike 1-2: Strikes out swinging | Top of the 9th over - 0 runs, 0 hits, 0 errors, 0 left on base; Rutgers 9 - Oklahoma 0 | BOTTOM OF THE 9TH |
---|
Oklahoma Sooners batting - Pitching for Rutgers Scarlet Knights : RHP Steven Lawson | Batting: RHB Ambrosio Hernández | 0-0: Hit by Pitch | Batting: RHB Joe Hughes | 0-0: Swinging Strike 0-1: Ball 1-1: Foul Ball, location: 2F 1-2: Strikes out looking | Batting: RHB Curt Brown | 0-0: Ball 1-0: Called Strike 1-1: Foul Ball, location: 2F 1-2: Strikes out swinging | Batting: RHB Matt Snow | 0-0: Ball 1-0: SINGLE (Line Drive, 6M) Ambrosio Hernández to second | Batting: RHB Sidney Boyd | 0-0: Fly out, F8 (Flyball, 8RXD) | Bottom of the 9th over - 0 runs, 1 hit, 0 errors, 2 left on base; Rutgers 9 - Oklahoma 0 | |